Map: Port Aleksander LE

Players

Beastyqt

  • Race: Protoss Protoss
  • League: Grandmaster
  • Spawn Location: 11:00

Lambo - Winner!

  • Race: Terran Terran
  • League: Grandmaster
  • Spawn Location: 5:00

VOD

Have the link to the VOD?

Description

Time

  • Played on: Dec. 27, 2018, 12:18 p.m.
  • Length: 13:40
Show
View Real Time Build Order
Export as new Build Order

Beastyqt Protoss 

Build Orders: 1 Gate Expand, Blink Stalkers, Chargelot Immortal 

Get SALT Encoding   

  12  0:01  Probe  
  13  0:13  Probe  
  14  0:21  Pylon  
  14  0:25  Probe  
  15  0:35  Probe  
  16  0:43  Probe  
  16  0:45  Gateway  
  17  0:54  Probe  
  17  0:56  Assimilator  
  18  1:06  Probe  
  19  1:18  Probe  
  20  1:29  Nexus  
  20  1:40  Cybernetics Core  
  20  1:43  Probe  
  21  1:49  Assimilator  
  21  1:55  Probe  
  21  1:59  Pylon  
  22  2:07  Probe, Stalker  
  23  2:19  Probe, Warp Gate  
  26  2:31  Probe  
  27  2:38  Stalker  
  27  2:42  Probe x2  
  30  2:50  Probe x2  
  30  2:53  Twilight Council  
  32  2:58  Probe  
  32  2:59  Probe  
  34  3:10  Probe, Stalker, Blink  
  34  3:12  Probe  
  38  3:22  Probe  
  38  3:24  Probe  
  40  3:28  Robotics Facility  
  41  3:34  Probe  
  41  3:37  Probe  
  42  3:44  Assimilator  
  42  3:46  Probe  
  42  3:47  Pylon  
  43  3:49  Probe  
  44  3:58  Probe  
  44  4:01  Probe, Pylon  
  46  4:10  Observer, Probe  
  46  4:16  Gateway  
  47  4:17  Gateway  
  47  4:19  Probe  
  49  4:25  Probe  
  49  4:27  Stalker  
  49  4:29  Observer  
  49  4:31  Pylon  
  52  4:37  Nexus  
  53  4:40  Pylon  
  53  4:42  Probe  
  54  4:49  Probe  
  49  4:57  Probe  
  50  5:01  Probe  
  50  5:02  Stalker  
  53  5:09  Probe  
  53  5:13  Probe  
  55  5:19  Forge  
  55  5:21  Probe  
  56  5:25  Forge  
  56  5:26  Probe  
  57  5:29  Immortal  
  57  5:30  Sentry x2  
  57  5:31  Stalker  
  57  5:33  Charge, Probe, Protoss Ground Armor Level 1  
  68  5:38  Protoss Ground Weapons Level 1  
  68  5:45  Probe  
  68  5:46  Probe  
  70  6:00  Gateway x2  
  70  6:05  Gateway, Immortal  
  70  6:10  Gateway  
  70  6:15  Gateway  
  74  6:21  Probe x2  
  74  6:22  Probe, Pylon  
  77  6:32  Zealot x3  
  83  6:33  Probe  
  83  6:38  Probe  
  83  6:42  Immortal  
  87  6:51  Probe, Pylon  
  87  6:52  Shield Battery  
  87  6:53  Zealot x2  
  92  6:55  Zealot  
  94  7:04  Zealot x2  
  94  7:05  Zealot  
  96  7:10  Stalker x2  
  96  7:15  Protoss Ground Weapons Level 2  
  100  7:16  Pylon  
  100  7:17  Pylon  
  100  7:18  Zealot  
  100  7:19  Zealot  
  104  7:26  Immortal  
  104  7:28  Protoss Ground Armor Level 2  
  106  7:30  Zealot x2  
  96  7:44  Zealot x6  
  96  7:49  Probe  
  109  8:01  Probe  
  109  8:03  Probe  
  111  8:05  Warp Prism  
  113  8:16  Sentry  
  113  8:17  Sentry x2, Observer  
  113  8:19  Observer  
  117  8:20  Nexus  
  117  8:22  Pylon  
  117  8:28  Pylon  
  117  8:36  Pylon  
  117  8:37  Photon Cannon  
  117  8:41  Warp Prism  
  117  8:42  Pylon  
  117  8:44  Zealot x2  
  117  8:45  Zealot x2  
  127  8:51  Zealot x3  
  133  8:57  Probe x3  
  136  9:04  Protoss Ground Weapons Level 3  
  136  9:09  Probe x2  
  130  9:17  Immortal  
  132  9:28  Zealot x8  
  134  9:46  Protoss Ground Armor Level 3  
  134  9:52  Zealot x8  
  130  9:59  Immortal  
  108  10:14  Probe x2  
  94  10:20  Zealot x8  
  110  10:30  Gateway  
  110  10:31  Gateway  
  110  10:38  Gateway, Immortal  
  110  10:41  Observer  
  110  10:42  Sentry, Gateway  
  114  10:43  Sentry  
  114  10:44  Zealot x4  
  116  10:51  Zealot x2  
  120  11:07  Stalker x6  
  92  11:30  Zealot x6  
  92  11:31  Zealot x4  
  100  11:35  Sentry  
  100  11:37  Immortal  
  106  11:51  Observer  
  106  11:52  Zealot x11  
  108  12:00  Sentry  
  102  12:15  Stalker  
  102  12:16  Stalker x3  
  102  12:17  Immortal  
  108  12:37  Zealot x5  
  108  12:38  Zealot  
  120  12:53  Zealot x3  
  120  12:54  Zealot  
  120  12:55  Zealot  
  107  13:09  Zealot x3  
  98  13:17  Zealot  
  98  13:18  Zealot  
  83  13:20  Zealot  
  77  13:33  Zealot x5  
Show
View Real Time Build Order
Export as new Build Order

Lambo Terran - Winner!

Build Orders: Gas First Reaper Expand 

Get SALT Encoding   

  12  0:00  SCV  
  13  0:12  SCV  
  14  0:18  Supply Depot  
  14  0:24  SCV  
  15  0:28  Refinery  
  15  0:39  SCV  
  16  0:46  Barracks  
  16  0:51  SCV  
  17  1:04  SCV  
  18  1:16  SCV  
  19  1:33  Reaper, Orbital Command  
  20  1:51  Command Center  
  20  1:59  Factory  
  20  2:00  SCV  
  21  2:07  Barracks Reactor  
  21  2:12  SCV  
  21  2:14  Supply Depot  
  22  2:19  Refinery  
  22  2:25  SCV  
  24  2:37  SCV  
  24  2:45  Marine x2  
  24  2:46  Starport  
  24  2:49  SCV  
  27  2:55  Widow Mine  
  29  3:01  SCV  
  29  3:03  Marine x2  
  32  3:07  Orbital Command  
  32  3:13  SCV  
  32  3:16  Widow Mine  
  35  3:22  Marine x2  
  35  3:24  Medivac  
  35  3:25  SCV  
  40  3:31  Supply Depot  
  39  3:37  SCV x2  
  39  3:39  Factory Tech Lab  
  41  3:43  Bunker  
  41  3:45  Marine  
  42  3:49  SCV x2  
  44  3:57  Starport Tech Lab  
  44  3:58  Barracks  
  44  4:01  SCV x2  
  46  4:05  Siege Tank  
  46  4:06  Marine  
  46  4:09  Marine  
  51  4:13  SCV  
  51  4:15  SCV  
  53  4:18  Supply Depot  
  53  4:25  Barracks  
  53  4:26  SCV, Engineering Bay  
  54  4:38  Refinery  
  54  4:39  Starport Tech Lab  
  54  4:40  Marine x2, SCV x2  
  58  4:52  SCV  
  59  4:53  SCV  
  59  4:54  Supply Depot, Terran Infantry Weapons Level 1  
  59  4:56  Siege Tank  
  59  4:59  Marine  
  62  5:07  Stimpack  
  62  5:08  Starport Reactor, Supply Depot  
  62  5:15  Marine x2, Refinery  
  62  5:16  SCV x2  
  66  5:21  Combat Shield  
  66  5:23  Marine, Marauder  
  66  5:28  SCV  
  70  5:29  SCV  
  70  5:32  Supply Depot  
  70  5:33  Marine, Supply Depot  
  72  5:38  Siege Tank  
  72  5:40  SCV  
  72  5:41  SCV  
  77  5:48  Marine  
  78  5:53  Marine x3  
  78  5:54  SCV, Medivac  
  78  5:55  Supply Depot  
  80  6:02  Medivac  
  82  6:06  Marine  
  82  6:11  Command Center, Supply Depot  
  83  6:12  Marauder  
  83  6:13  Marauder  
  83  6:14  Marine  
  83  6:16  SCV  
  89  6:23  Factory Reactor  
  89  6:24  Marine  
  90  6:27  Barracks, SCV  
  90  6:29  Barracks  
  91  6:33  Supply Depot  
  91  6:34  Marine, Marauder  
  91  6:39  Marauder  
  93  6:40  Concussive Shells, Medivac  
  93  6:45  SCV  
  93  6:46  Marine  
  97  6:48  SCV, Terran Infantry Armor Level 1  
  97  6:52  Marine  
  99  6:55  Marine  
  99  6:57  SCV  
  99  7:01  Marauder  
  103  7:02  Widow Mine  
  103  7:04  Marine  
  106  7:10  Marine  
  106  7:12  SCV x2  
  106  7:13  Marauder  
  111  7:17  Supply Depot  
  111  7:20  Barracks Reactor  
  111  7:22  Marauder, Widow Mine  
  115  7:24  Marauder  
  115  7:26  SCV x2  
  117  7:31  Marine  
  117  7:34  Marauder  
  117  7:35  Marine  
  113  7:43  Marauder  
  101  7:45  Marauder  
  101  7:46  Widow Mine  
  101  7:48  Marine, SCV x2  
  105  7:53  Marine  
  105  7:55  Marine  
  107  8:01  Marine x2  
  107  8:03  Medivac x2  
  107  8:04  SCV x2  
  107  8:05  Marauder, Orbital Command  
  115  8:06  Marine x2  
  115  8:08  Widow Mine x2  
  120  8:15  Marine, Marauder  
  120  8:19  Marine x2  
  123  8:20  Starport  
  123  8:21  SCV  
  123  8:24  Marine x2  
  123  8:25  Supply Depot  
  123  8:26  Marine  
  128  8:29  Liberator  
  128  8:30  Armory  
  128  8:31  SCV x2  
  128  8:32  Marine, Refinery  
  128  8:33  Refinery  
  131  8:36  Marine  
  131  8:37  Marine  
  131  8:38  Marine, Widow Mine  
  131  8:39  Widow Mine, SCV  
  139  8:41  Supply Depot  
  139  8:42  Marauder  
  139  8:46  Marauder  
  146  8:50  SCV x2  
  146  8:53  Supply Depot  
  146  8:54  Supply Depot  
  148  8:57  Liberator x2, Supply Depot  
  148  8:58  Marine, Liberator  
  149  9:03  Marine, Marauder, SCV x2  
  149  9:04  Marauder  
  156  9:10  Factory Reactor  
  156  9:15  Marauder  
  156  9:16  Marine x2  
  169  9:20  Marine x2  
  169  9:24  Marauder  
  169  9:25  Marauder  
  171  9:34  Marine x2  
  171  9:36  Marauder  
  171  9:38  Marine x2  
  171  9:46  Marauder x2  
  171  9:51  Marine  
  171  9:52  Marine  
  169  9:55  Marine  
  169  9:56  Marine  
  169  9:58  Marauder  
  167  10:01  Terran Infantry Weapons Level 2  
  167  10:03  Terran Ship Weapons Level 1  
  140  10:07  Marauder  
  140  10:08  Marauder  
  140  10:09  Marine x2  
  140  10:11  SCV  
  140  10:13  Marine  
  141  10:14  Marine  
  141  10:19  Marauder, Medivac x2  
  148  10:24  SCV x3  
  148  10:27  Marine x2  
  148  10:28  Marine  
  153  10:29  Marauder  
  153  10:31  Marine  
  153  10:32  Marine  
  158  10:40  Marine  
  158  10:42  Widow Mine x2  
  163  10:45  Marine x2  
  163  10:46  Marauder  
  163  10:49  Marine x2  
  165  10:51  Marauder, SCV x2  
  165  10:55  Supply Depot x2  
  170  10:58  Marauder  
  170  11:03  Marine x2  
  174  11:08  Marauder  
  176  11:14  Marine  
  176  11:15  Marauder  
  148  11:20  Marauder  
  148  11:22  Marine x2  
  146  11:26  Marine  
  146  11:27  Widow Mine x2, Medivac x2  
  146  11:28  Medivac  
  146  11:29  Marauder  
  146  11:32  Marine  
  157  11:36  Marauder  
  160  11:40  Marine x2  
  160  11:41  Marauder  
  160  11:43  Marine  
  162  11:50  Marine  
  162  11:51  Marauder  
  155  11:57  Marine  
  155  11:58  Marine x2  
  155  11:59  Medivac  
  156  12:01  Marine  
  156  12:02  Marine  
  156  12:08  Marine  
  159  12:09  SCV x2  
  159  12:11  Marine  
  164  12:15  Marauder  
  164  12:16  Marine  
  164  12:17  Liberator  
  164  12:21  Medivac x2  
  169  12:28  Marine x4  
  169  12:29  Widow Mine x2  
  179  12:30  Marauder  
  179  12:33  Marine  
  179  12:36  Marine  
  184  12:46  Marine x2  
  184  12:51  Marauder, Widow Mine  
  190  12:52  Marine x3  
  190  12:55  Marauder  
  170  13:07  Marine  
  167  13:13  Marauder  
  167  13:15  Marine x2  
  167  13:16  Marine x2, Marauder  
Tags
 
Add a new tag
Caveats
  • Supply blocks, unpowered buildings, or Contaminate may cause inaccurate times.
  • Supply counts are checked every 10 seconds.